 Dungeon Crawl Stone Soup version 0.27-a0-1230-gfc7c993222 (webtiles) character file.

Game seed: 2891561100722931720

198987 Bnni the Warrior (level 17, -3/153 HPs)
             Began as a Demonspawn Gladiator on June 8, 2021.
             Was the Champion of Dithmenos.
             Slain by Aduepsicimn's ghost (19 damage)
             ... on level 2 of the Shoals.
             The game lasted 01:52:48 (36078 turns).

Bnni the Warrior (Demonspawn Gladiator)            Turns: 36078, Time: 01:52:48

Health: -3/153     AC: 24    Str: 18    XL:     17   Next: 83%
Magic:  26/26      EV: 22    Int:  8    God:    Dithmenos [******]
Gold:   1863       SH: 11    Dex: 23    Spells: 16/16 levels left

rFire    + + .     SeeInvis .   V - +9 sword of Zonguldrok {reap}
rCold    + + +     Faith    .   O - +0 buckler
rNeg     . . .     Spirit   .   x - +0 ring mail of the Doldrums {rF+ rC+++ Will+ Int-4}
rPois    +         Reflect  +   F - +2 helmet
rElec    .         Harm     .   H - scarf {+Inv}
rCorr    .         Rampage  .   y - +2 pair of gloves
Will     +....                  G - +2 pair of boots of Decaying Curiosity {rPois rF+ Will- Str+4}
Stlth    ++++++....             N - amulet of reflection
HPRegen  0.35/turn              j - +4 ring of protection
MPRegen  0.20/turn              o - ring of Maosiqio {Dex+3 Slay+4}

@: about to teleport, wreathed by umbra, studying 3 skills
A: talons 2, icy blue scales 3, ignite blood 1, spiny 3
}: 1/15 runes: gossamer
a: Renounce Religion, Evoke Invisibility, Shadow Step, Shadow Form


You were on level 2 of the Shoals.
You worshipped Dithmenos.
Dithmenos was exalted by your worship.
You visited 5 branches of the dungeon, and saw 28 of its levels.
You also visited: Bailey and Ice Cave.

You collected 3855 gold pieces.
You spent 1992 gold pieces at shops.

Inventory:

Hand Weapons
 u - a +3 dagger of freezing
 V - the +9 sword of Zonguldrok (weapon) {reap}
   (You bought it in a shop on level 2 of the Orcish Mines)

   If a monster killed with it leaves a corpse in good enough shape, the corpse
   is reanimated as a zombie friendly to the killer.
Missiles
 d - a throwing net
 i - 6 boomerangs of dispersal
 m - 67 poisoned darts (quivered)
 P - 3 datura-tipped darts
 T - 10 curare-tipped darts
Armour
 x - the +0 ring mail of the Doldrums (worn) {rF+ rC+++ Will+ Int-4}
   (You found it on level 6 of the Dungeon)

   It affects your intelligence (-4).
   It protects you from fire.
   It renders you almost immune to cold.
   It increases your willpower.
 y - a +2 pair of gloves (worn)
 F - a +2 helmet (worn)
 G - the +2 pair of boots of Decaying Curiosity (worn) {rPois rF+ Will- Str+4}
   (You found it on level 10 of the Dungeon)

   It affects your strength (+4).
   It protects you from fire.
   It protects you from poison.
   It decreases your willpower.
 H - a scarf of invisibility (worn)
 O - a +0 buckler (worn)
Jewellery
 j - a +4 ring of protection (left hand)
 o - the ring of Maosiqio (right hand) {Dex+3 Slay+4}
   (You acquired it on level 14 of the Dungeon)

   [ring of slaying]

   It affects your dexterity (+3).
   It affects your accuracy and damage with ranged weapons and melee attacks
   (+4).
 N - an amulet of reflection (around neck)
Wands
 e - a wand of digging (19)
 v - a wand of flame (53)
 C - a wand of iceblast (19)
 E - a wand of paralysis (18)
 K - a wand of acid (19)
 Y - a wand of mindburst (26)
Scrolls
 b - a scroll of fear {unknown}
 c - 2 scrolls of fog
 f - 5 scrolls of blinking
 g - a scroll of silence
 h - a scroll of enchant armour
 k - 12 scrolls of teleportation
 n - a scroll of enchant weapon
 r - 2 scrolls of magic mapping
 s - 3 scrolls of identify
 A - 3 scrolls of summoning
Potions
 a - 4 potions of haste
 l - 2 potions of berserk rage
 t - a potion of cancellation
 w - 3 potions of flight
 L - 3 potions of might
 R - 2 potions of heal wounds
 S - 8 potions of curing
 U - 2 potions of invisibility
 W - a potion of resistance
 X - a potion of ambrosia
Miscellaneous
 q - a box of beasts
 B - a phantom mirror
 I - a tin of tremorstones (2/2)
 J - a condenser vane


   Skills:
 + Level 19.4 Fighting
 - Level 16.0 Long Blades
 - Level 1.7 Throwing
 + Level 6.9 Armour
 + Level 15.1 Dodging
 - Level 7.0 Stealth
 - Level 4.0 Shields
 - Level 13.0 Invocations


You had 16 spell levels left.
You didn't know any spells.
Your spell library contained the following spells:

 Spells                   Type           Power      Damage    Failure   Level
 Animate Skeleton         Necr           0%         N/A       58%         1
 Apportation              Tloc           0%         N/A       58%         1
 Corona                   Hex            0%         N/A       58%         1
 Freeze                   Ice            0%         1d3       58%         1
 Magic Dart               Conj           0%         1d3       58%         1
 Shock                    Conj/Air       0%         1d3       58%         1
 Summon Small Mammal      Summ           0%         N/A       58%         1
 Blink                    Tloc           N/A        N/A       73%         2
 Call Imp                 Summ           0%         N/A       73%         2
 Corpse Rot               Necr/Air       N/A        N/A       73%         2
 Slow                     Hex            0%         N/A       73%         2
 Static Discharge         Conj/Air       0%         N/A       73%         2
 Conjure Flame            Conj/Fire      0%         6-21      91%         3
 Frozen Ramparts          Ice            0%         1d2       91%         3
 Mephitic Cloud           Conj/Pois/Air  0%         N/A       91%         3
 Ozocubu's Armour         Ice            0%         N/A       91%         3
 Stone Arrow              Conj/Erth      0%         3d7       91%         3
 Hailstorm                Conj/Ice       0%         3d3       100%        4
 Ice Form                 Ice/Tmut       0%         N/A       100%        4
 Summon Ice Beast         Ice/Summ       0%         N/A       100%        4
 Irradiate                Conj/Tmut      0%         3d14      100%        5
 Metabolic Englaciation   Hex/Ice        0%         N/A       100%        5
 Blade Hands              Tmut           0%         N/A       100%        6
 Freezing Cloud           Conj/Ice/Air   0%         6-21      100%        6
 Simulacrum               Ice/Necr       0%         N/A       100%        6
 Starburst                Conj/Fire      0%         8x6d3     100%        6
 Statue Form              Tmut/Erth      0%         N/A       100%        6
 Dragon Form              Tmut           0%         N/A       100%        7
 Ozocubu's Refrigeration  Ice            0%         4d5       100%        7


Dungeon Overview and Level Annotations

Branches:
Dungeon (14/15)            Temple (0/1) D:4            Lair (6/6) D:10
 Shoals (2/4) Lair:3       Spider (4/4) Lair:2        Slime (0/5) Lair:5
    Orc (2/2) D:9             Elf (0/3) Orc:2        Vaults (0/5) D:13
 Bailey (visited)           IceCv (visited)

Altars:
Ashenzari
Dithmenos
Fedhas
Gozag
Hepliaklqana
Kikubaaqudgha
Makhleb
Nemelex Xobeh
Qazlal
Trog
Vehumet
Xom
The Shining One
Jiyva

Shops:
Orc:1 !   Orc:2 *!(::   Shoals:1 !

Portals:
Abyss: Lair:4

Annotations:
D:14 Rupert
Shoals:2 1 transporter, Aduepsicimn's ghost, adept FoFi


Innate Abilities, Weirdness & Mutations

You have razor-sharp toenails.
You are completely covered in icy blue scales. (AC +4, rC+)
Your demonic aura sometimes causes spilled blood to erupt in flames.
You are completely covered in sharp spines.


Message History

Aduepsicimn's ghost is heavily damaged.
Aduepsicimn's ghost misses you.
You hit Aduepsicimn's ghost but do no damage.
Aduepsicimn's ghost is heavily damaged.
The alligator snapping turtle bites you from afar.
Aduepsicimn's ghost hits you!
* * * LOW HITPOINT WARNING * * *
Aduepsicimn's ghost burns you.
* * * LOW HITPOINT WARNING * * *
You are confused.
You feel invigorated.
Aduepsicimn's ghost completely misses you.
The alligator snapping turtle barely misses you.
You barely miss Aduepsicimn's ghost.
Aduepsicimn's ghost is heavily damaged.
Aduepsicimn's ghost barely misses you.
You feel less invigorated.
You feel less confused.
The alligator snapping turtle closely misses you.
The snapping turtle closely misses you.
You hit Aduepsicimn's ghost but do no damage.
Aduepsicimn's ghost is heavily damaged.
Your shadow hits Aduepsicimn's ghost but does no damage.
You slash Aduepsicimn's ghost!
Aduepsicimn's ghost is heavily damaged.
Aduepsicimn's ghost misses you.
The alligator snapping turtle is struck by your spines.
The alligator snapping turtle bites you!!
* * * LOW HITPOINT WARNING * * *
The snapping turtle misses you.
As you read the scroll of teleportation, it crumbles to dust.
You feel strangely unstable.
The snapping turtle bites you from afar!!
* * * LOW HITPOINT WARNING * * *
You block Aduepsicimn's ghost's attack.
You block the alligator snapping turtle's attack.
Okay, then.
You fail to use your ability.
You block the snapping turtle's attack. Aduepsicimn's ghost hits you!!
You die...

≈≈.≈≈≈PP≈PPP≈≈≈≈≈≈≈≈≈≈≈≈≈≈≈
≈≈..≈≈≈≈≈≈P≈≈≈≈PP≈≈PPP≈≈≈≈≈≈≈≈≈≈≈
≈≈≈≈≈≈≈≈≈≈≈≈≈P≈PP≈P≈≈P≈≈≈≈)..≈≈≈≈
≈≈≈≈≈≈..≈≈P≈≈P≈≈≈≈≈≈≈≈≈≈.≈.#.≈≈≈≈
≈≈≈≈≈≈≈...≈≈≈≈≈≈....≈≈≈≈.≈..≈≈≈≈≈
≈≈≈≈≈≈≈....≈≈≈≈.!....≈...≈≈<≈≈≈≈≈
≈≈≈≈≈≈.≈.#..≈≈......)...≈≈≈≈≈≈≈≈≈
≈≈≈≈≈≈...#.....####.©.####≈≈≈≈≈≈≈
≈≈≈≈≈≈.......###@.#####..##≈≈≈≈≈≈
≈≈≈≈≈.......##.W#ttt?=[...#..≈≈≈≈
≈≈≈≈........#....###[..##.##.≈≈≈≈
..≈..≈≈≈≈≈..##.#.....#.....#.....
.≈≈.)≈≈≈≈≈≈..#...#..©..##tt#≈≈...
..≈≈).≈≈≈≈≈[.#.$##$[#......#≈≈...
......≈≈≈≈≈..#....#...#...##≈≈≈≈≈
≈........≈≈..##!W....#...!#≈≈≈≈≈≈
...###.≈≈≈....##.###..#####≈≈≈≈≈≈


You could see an alligator snapping turtle, 2 snapping turtles and Aduepsicimn's
ghost.

Vanquished Creatures
  Arachne (Spider:4)
  Asterion (Spider:3)
  Kirke (Shoals:1)
  A storm dragon (D:10)
  6 ghost moths (Spider:4)
  7 emperor scorpions
  The ghost of Majang the Thaumaturge, a journeyman DsIE of Vehumet (Lair:6)
  5 entropy weavers
  4 spark wasps
  The ghost of Cexaemot the Martial Artist, a journeyman DgTm (Lair:4)
  Josephine (D:11)
  4 merfolk impalers
  A rakshasa (Lair:4)
  Erolcha (D:13)
  Harold (D:7)
  5 hydras
  8 boulder beetles
  A catoblepas (D:13)
  3 merfolk avatars
  A death knight (D:11)
  An alligator snapping turtle (Shoals:1)
  A centaur warrior (D:11)
  A dancing weapon (Lair:6)
  6 two-headed ogres
  A hell hog (Lair:4)
  Urug (D:10)
  2 death yaks (Lair:6)
  7 orc high priests (Orc:2)
  Sonja (Lair:4)
  5 sea snakes
  Pikel (D:7)
  3 phantasmal warriors
  14 orc knights
  8 harpies
  A deep elf pyromancer (D:12)
  9 orb spiders
  54 wolf spiders
  5 ugly things
  4 cyclopes
  10 manticores
  2 oklob plants (Lair:3)
  2 moths of wrath (Shoals:2)
  7 fauns (Shoals:1)
  A worldbinder (Lair:4)
  8 elephants
  7 black mambas
  A merfolk siren (Shoals:1)
  Joseph (D:7)
  4 torpor snails
  3 ice statues (IceCv)
  14 cane toads
  3 gargoyles
  2 unseen horrors
  An efreet (D:14)
  The ghost of 2tc the Slasher, a novice DjGl of Yredelemnul (D:4)
  4 rime drakes
  A hellion (Lair:4)
  A komodo dragon (shapeshifter) (D:12)
  Maggie (D:6)
  16 demonic crawlers
  11 komodo dragons
  31 jumping spiders
  9 merfolk
  6 trolls
  A hellwing (Lair:4)
  4 polar bears
  3 meliai (Spider:2)
  3 wind drakes
  13 hornets
  7 dream sheep (Lair:5)
  16 blink frogs
  3 snapping turtles
  5 water elementals
  66 redbacks
  A spriggan (Lair:4)
  32 tarantellas
  Sigmund (D:4)
  7 basilisks
  A tarantella (shapeshifter) (D:13)
  5 wraiths
  A wyvern (shapeshifter) (D:10)
  57 yaks
  4 wyverns
  3 hogs (Shoals:1)
  10 vampire mosquitoes
  A large abomination (Lair:4)
  7 wargs
  An acid dragon (D:10)
  10 water moccasins
  47 orc warriors
  A hornet zombie (D:4)
  7 ice beasts
  2 necrophages (D:7)
  A black bear (D:6)
  6 ogres
  21 centaurs
  3 kobold brigands (D:10)
  17 bullfrogs
  A wyvern zombie (D:4)
  2 gnoll sergeants (D:10)
  2 scorpions
  A water moccasin zombie (D:6)
  2 water moccasin skeletons
  A wight (D:10)
  5 howler monkeys
  An electric eel (Spider:4)
  A bullfrog zombie (D:5)
  4 centaur zombies
  35 orc priests
  A jelly (D:6)
  3 bullfrog skeletons
  2 hounds (D:6)
  Jessica (D:3)
  Crazy Yiuf (D:7)
  A scorpion zombie (D:3)
  4 iguanas
  21 orc wizards
  A hound zombie (D:5)
  A hound skeleton (D:4)
  A howler monkey zombie (D:8)
  A gnoll (D:1)
  A howler monkey skeleton (D:5)
  4 adders
  5 white imps
  An adder zombie (D:3)
  2 adder skeletons (D:3)
  2 worms
  2 dart slugs (D:2)
  106 orcs
  7 ball pythons
  6 endoplasms
  3 giant cockroaches
  6 hobgoblins
  13 jackals
  2 quokkas
  A ball python skeleton (D:3)
  8 bats
  A frilled lizard (shapeshifter) (D:13)
  4 frilled lizards
  12 goblins
  23 kobolds
  8 rats
1003 creatures vanquished.

Vanquished Creatures (collateral kills)
  3 orb spiders
  A faun (Shoals:1)
  A hornet (Spider:4)
  5 redbacks
  3 tarantellas
13 creatures vanquished.

Vanquished Creatures (others)
  A merfolk aquamancer (Shoals:1)
  2 humans (Shoals:1)
  30 fungi
  90 plants
123 creatures vanquished.

Grand Total: 1139 creatures vanquished

Notes
Turn   | Place    | Note
-------+----------+-------------------------------------------
     0 | D:1      | Bnni the Demonspawn Gladiator began the quest for the Orb.
     0 | D:1      | Reached XP level 1. HP: 16/16 MP: 1/1
   143 | D:1      | Gained mutation: You are partially covered in icy blue
                  | scales. (AC +2) [demonic ancestry]
   143 | D:1      | Reached XP level 2. HP: 3/22 MP: 2/2
   421 | D:1      | Found a faded altar of an unknown god.
   444 | D:1      | Became a worshipper of Dithmenos the Shadowed
   444 | D:1      | Reached * piety under Dithmenos
   803 | D:1      | Gained mutation: You are partially covered in sharp spines.
                  | [demonic ancestry]
   803 | D:1      | Reached XP level 3. HP: 26/28 MP: 3/3
  1118 | D:2      | Reached ** piety under Dithmenos
  1130 | D:2      | Reached XP level 4. HP: 31/34 MP: 4/4
  1258 | D:2      | Reached skill level 3 in Fighting
  1661 | D:3      | Noticed Jessica
  1667 | D:3      | Killed Jessica
  2019 | D:3      | Gained mutation: You are mostly covered in sharp spines.
                  | [demonic ancestry]
  2019 | D:3      | Reached XP level 5. HP: 40/41 MP: 5/5
  2158 | D:3      | Noticed a centaur
  2163 | D:3      | Killed a centaur
  2164 | D:3      | Reached skill level 5 in Long Blades
  2304 | D:3      | Reached *** piety under Dithmenos
  2368 | D:3      | Reached XP level 6. HP: 48/48 MP: 6/6
  2628 | D:3      | Found a hazy altar of Hepliaklqana.
  2714 | D:4      | Noticed Sigmund
  2749 | D:3      | Reached skill level 4 in Fighting
  2790 | D:4      | Killed Sigmund
  3161 | D:4      | Found a stormy altar of Qazlal.
  3279 | D:4      | Gained mutation: You are mostly covered in icy blue scales.
                  | (AC +3) [demonic ancestry]
  3279 | D:4      | Reached XP level 7. HP: 55/55 MP: 7/7
  3281 | D:4      | Identified the Disquisition on Lightness
  3346 | D:4      | Found a staircase to the Ecumenical Temple.
  3379 | D:4      | Found a transporter.
  3379 | D:4      | Noticed 2tc's ghost (novice DjGl)
  3408 | D:4      | Found a transporter.
  3650 | D:4      | Identified the +7 short sword of Mabliw {drain, Drain rF+
                  | Str+3 Int+3}
  3851 | D:4      | Killed 2tc's ghost
  3852 | D:4      | Reached skill level 5 in Fighting
  3867 | D:4      | Gained mutation: You are completely covered in sharp
                  | spines. [demonic ancestry]
  3867 | D:4      | Reached XP level 8. HP: 50/64 MP: 8/8
  3995 | D:5      | Entered Level 5 of the Dungeon
  4078 | D:5      | Reached skill level 6 in Fighting
  4614 | D:6      | Identified the +0 ring mail of the Doldrums {rF+ rC+++
                  | Will+ Int-4}
  4676 | D:6      | Noticed Maggie
  4690 | D:6      | Killed Maggie
  4691 | D:6      | Reached skill level 7 in Fighting
  4724 | D:6      | Gained mutation: You have sharp toenails. [demonic
                  | ancestry]
  4724 | D:6      | Reached XP level 9. HP: 72/72 MP: 9/9
  4772 | D:6      | Found a broken altar of Ashenzari.
  4784 | D:6      | Reached **** piety under Dithmenos
  5154 | D:7      | Noticed Joseph
  5159 | D:7      | Killed Joseph
  5160 | D:7      | Reached skill level 10 in Long Blades
  5284 | D:7      | Noticed Pikel
  5295 | D:7      | Killed Pikel
  5296 | D:7      | Reached skill level 8 in Fighting
  5303 | D:7      | Identified a scroll of acquirement
  5304 | D:7      | Acquired a manual of Fighting
  5482 | D:7      | Found a runed translucent door.
  5483 | D:7      | Noticed Crazy Yiuf
  5489 | D:7      | Killed Crazy Yiuf
  5557 | D:7      | Noticed Harold
  5571 | D:7      | Killed Harold
  5572 | D:7      | Reached skill level 9 in Fighting
  5572 | D:7      | Gained mutation: Your demonic aura sometimes causes spilled
                  | blood to erupt in flames. [demonic ancestry]
  5572 | D:7      | Reached XP level 10. HP: 48/83 MP: 10/10
  6405 | D:8      | Noticed a gargoyle
  6411 | D:8      | Killed a gargoyle
  6504 | D:8      | Found a bloodstained altar of Trog.
  6869 | D:9      | Found an opulent altar of Gozag.
  6878 | D:9      | Noticed a two-headed ogre
  6888 | D:9      | Killed a two-headed ogre
  6889 | D:9      | Reached skill level 10 in Fighting
  6898 | D:9      | Found a burning altar of Makhleb.
  6993 | D:9      | Found a staircase to the Orcish Mines.
  7226 | D:9      | Found a radiant altar of Vehumet.
  7231 | D:9      | Found a blossoming altar of Fedhas.
  7557 | D:9      | Found an ancient bone altar of Kikubaaqudgha.
  7659 | D:9      | Found a sparkling altar of Nemelex Xobeh.
  7811 | D:10     | Entered Level 10 of the Dungeon
  7898 | D:10     | Noticed a boulder beetle
  7941 | D:10     | Reached skill level 11 in Fighting
  7958 | D:10     | Killed a boulder beetle
  8267 | D:10     | Noticed a two-headed ogre
  8278 | D:10     | Gained mutation: You are completely covered in icy blue
                  | scales. (AC +4, rC+) [demonic ancestry]
  8278 | D:10     | Reached XP level 11. HP: 88/93 MP: 11/11
  8281 | D:10     | Killed a two-headed ogre
  8348 | D:10     | Noticed a two-headed ogre
  8356 | D:10     | Killed a two-headed ogre
  8357 | D:10     | Reached skill level 12 in Fighting
  8475 | D:10     | Paralysed by a hornet for 2 turns
  8840 | D:10     | Noticed a two-headed ogre
  8847 | D:10     | Killed a two-headed ogre
  9039 | D:10     | Identified the +2 pair of boots of Decaying Curiosity
                  | {rPois rF+ Will- Str+4}
  9047 | D:10     | Found a staircase to the Lair.
  9052 | D:10     | Noticed a storm dragon
  9061 | D:10     | Killed a storm dragon
  9062 | D:10     | Reached skill level 13 in Fighting
  9065 | D:10     | Noticed Urug
  9076 | D:10     | Killed Urug
  9191 | D:10     | Identified the +7 quarterstaff of Bnni's Slow Death {venom,
                  | Dex+5}
  9568 | D:11     | Noticed a centaur warrior
  9583 | D:11     | Killed a centaur warrior
  9764 | D:11     | Found a flagged portal.
  9847 | Bailey   | Entered a bailey
  9847 | Bailey   | Noticed an orc knight
  9849 | Bailey   | Noticed an orc knight
  9851 | Bailey   | Gained mutation: You have razor-sharp toenails. [demonic
                  | ancestry]
  9851 | Bailey   | Reached XP level 12. HP: 106/106 MP: 12/12
  9855 | Bailey   | Reached skill level 5 in Dodging
  9895 | Bailey   | Reached skill level 14 in Fighting
 10208 | D:11     | Noticed Josephine
 10226 | D:11     | Killed Josephine
 10227 | D:11     | Reached skill level 1 in Stealth
 10324 | D:11     | Noticed a boulder beetle
 10347 | D:11     | Killed a boulder beetle
 10650 | D:11     | Reached ***** piety under Dithmenos
 10908 | D:11     | Identified the +6 scale mail "Heepitonk" {Harm rElec rF++
                  | rC-}
 11129 | D:12     | Noticed a two-headed ogre
 11134 | D:12     | Killed a two-headed ogre
 11135 | D:12     | Noticed a death knight
 11315 | D:11     | Killed a death knight
 11753 | D:12     | Reached skill level 15 in Fighting
 12214 | D:12     | Noticed a two-headed ogre
 12220 | D:12     | Killed a two-headed ogre
 12438 | D:12     | Identified the ring "Dutexa" {Str+6 Int+6}
 12468 | D:12     | Reached skill level 1 in Invocations
 12629 | D:13     | Identified the +1 chain mail of the Gardener {Will+ Int+6}
 12668 | D:13     | Reached XP level 13. HP: 109/116 MP: 14/14
 12859 | D:13     | Noticed Erolcha
 13327 | D:13     | Killed Erolcha
 13328 | D:13     | Reached skill level 5 in Invocations
 13635 | D:13     | Found a gate to the Vaults.
 14340 | D:14     | Acquired the ring of Maosiqio {Dex+3 Slay+4}
 14407 | D:14     | Noticed Rupert
 14413 | D:14     | Paralysed by Rupert for 5 turns
 14747 | Lair:1   | Entered Level 1 of the Lair of Beasts
 15611 | Lair:2   | Found a hole to the Spider Nest.
 15840 | Lair:2   | Reached skill level 10 in Invocations
 15855 | Lair:2   | Found a frozen archway.
 15867 | IceCv    | Entered an ice cave
 15882 | IceCv    | Reached skill level 16 in Fighting
 16063 | Lair:2   | Acquired a manual of Long Blades
 16065 | Lair:2   | Acquired a manual of Invocations
 16389 | Lair:3   | Reached skill level 1 in Shields
 16663 | Lair:3   | Reached XP level 14. HP: 80/125 MP: 22/22
 17488 | Lair:3   | Found a staircase to the Shoals.
 18229 | Lair:4   | Found a transporter.
 18235 | Lair:4   | Noticed Sonja
 18243 | Lair:4   | Killed Sonja
 18547 | Lair:4   | Found a transporter.
 19149 | Lair:4   | Noticed Cexaemot's ghost (journeyman DgTm)
 19206 | Lair:4   | Killed Cexaemot's ghost
 19208 | Lair:4   | Found a one-way gate to the infinite horrors of the Abyss.
 19457 | Lair:4   | Identified Lee's Disquisition on Dusty Conjuration
 19539 | Lair:5   | Reached skill level 10 in Dodging
 20461 | Lair:5   | Found a viscous altar of Jiyva.
 20461 | Lair:5   | Found a staircase to the Slime Pits.
 20502 | Lair:6   | Entered Level 6 of the Lair of Beasts
 20627 | Lair:6   | Reached skill level 17 in Fighting
 20963 | Lair:6   | Reached skill level 5 in Stealth
 20963 | Lair:6   | Reached XP level 15. HP: 134/134 MP: 24/24
 21617 | Lair:6   | Found a runed translucent door.
 21617 | Lair:6   | Found a shimmering altar of Xom.
 21617 | Lair:6   | Noticed Majang's ghost (journeyman DsIE)
 21651 | Lair:6   | Killed Majang's ghost
 21922 | Lair:6   | Reached ****** piety under Dithmenos
 22362 | Orc:1    | Entered Level 1 of the Orcish Mines
 22400 | Orc:1    | Found Wathivonn's Distillery.
 23151 | Orc:1    | Bought a potion of might for 48 gold pieces
 23151 | Orc:1    | Bought a potion of haste for 120 gold pieces
 23151 | Orc:1    | Bought 2 potions of curing for 72 gold pieces
 23151 | Orc:1    | Bought a potion of curing for 36 gold pieces
 23151 | Orc:1    | Bought a potion of curing for 36 gold pieces
 23206 | Orc:2    | Entered Level 2 of the Orcish Mines
 23273 | Orc:2    | Found a staircase to the Elven Halls.
 25062 | Orc:2    | Found Kaxauts's Book Emporium.
 26423 | Orc:2    | Found Muf Ahax's Book Emporium.
 26423 | Orc:2    | Found Cuemozug's Assorted Antiques.
 26424 | Orc:2    | Found Zasojomono's Weapon Shoppe.
 26424 | Orc:2    | Found Cajo's Distillery.
 26432 | Orc:2    | Bought a potion of heal wounds for 70 gold pieces
 26434 | Orc:2    | Bought the +9 sword of Zonguldrok {reap} for 1120 gold
                  | pieces
 26434 | Orc:2    | Found the +9 sword of Zonguldrok {reap}
 26440 | Orc:2    | Bought a potion of heal wounds for 140 gold pieces
 26440 | Orc:2    | Bought a crude rapier for 252 gold pieces
 26440 | Orc:2    | Identified the +1 rapier of Grontol {flame, Will+} (You
                  | bought it in a shop on level 2 of the Orcish Mines)
 26444 | Orc:2    | Bought a potion of curing for 42 gold pieces
 26444 | Orc:2    | Bought a potion of might for 56 gold pieces
 26618 | Spider:1 | Entered Level 1 of the Spider Nest
 26642 | Spider:1 | Reached skill level 1 in Armour
 28533 | Spider:1 | Reached XP level 16. HP: 143/143 MP: 25/25
 29099 | Spider:2 | Reached skill level 15 in Long Blades
 30042 | Spider:2 | You fall into a shaft and drop 1 floor!
 30516 | Spider:3 | Reached skill level 18 in Fighting
 30887 | Spider:3 | Noticed Asterion
 30897 | Spider:3 | Killed Asterion
 31299 | Spider:3 | Identified the +1 leather armour of the Thoughtful Wonders
                  | {rPois rC+ Dex+4}
 31650 | Spider:4 | Entered Level 4 of the Spider Nest
 32553 | Spider:3 | Reached XP level 17. HP: 46/141 MP: 26/26
 33925 | Spider:4 | Got a gossamer rune of Zot
 34030 | Spider:4 | Noticed Arachne
 34060 | Spider:4 | Reached skill level 19 in Fighting
 34060 | Spider:4 | Reached skill level 5 in Armour
 34070 | Spider:4 | Killed Arachne
 34733 | Shoals:1 | Entered Level 1 of the Shoals
 34769 | Shoals:1 | Noticed Kirke
 34790 | Shoals:1 | Killed Kirke
 35279 | Shoals:1 | Found Hiunnik's Distillery.
 35423 | Shoals:1 | Reached skill level 15 in Dodging
 35760 | Shoals:2 | Found a transporter.
 35763 | Shoals:2 | Noticed Aduepsicimn's ghost (adept FoFi)
 35875 | Shoals:2 | Found a transporter.
 36078 | Shoals:2 | Slain by Aduepsicimn's ghost

Illustrated notes

Levels and vault maps discovered:
D:1:      lightli_iron_boxes, layout_rooms,
          shapermc_ecumenical_altar_notcrosses, chequers_serial_rivers_micro_b,
          minmay_statues_item
D:2:      layout_rooms
D:3:      minmay_razor_zed, layout_loops_ring, nicolae_hepliaklqana_hippocampus,
          serial_undead, serial_undead_f, serial_undead_e, serial_undead_f,
          serial_undead_e, minmay_fractal_squares_5, uniq_jessica
D:4:      layout_basic, kennysheep_mini_moat, temple_pool_b,
          gammafunk_ghost_mausoleum, hangedman_abyss_or_decor_lesser_grid,
          uniq_sigmund
D:5:      layout_rooms
D:6:      layout_gridville, kennysheep_little_box, uniq_maggie
D:7:      layout_cave_pools, uniq_harold, uniq_joseph, uniq_pikel,
          uniq_crazy_yiuf_cottage
D:8:      layout_basic, lightli_temple_of_fire, serial_rivers,
          chequers_serial_rivers_small_b, chequers_serial_rivers_micro_d,
          chequers_serial_rivers_micro_a, chequers_serial_rivers_room_a,
          chequers_serial_rivers_room_b
D:9:      layout_roguey, nicolae_overflow_hidden_temple,
          grunt_temple_overflow_open, hiddenorc2_lemuel
D:10:     kennysheep_six_static_rooms, layout_irregular_city, dpeg_oklobed_lair,
          minmay_the_grid_2x2 [minmay_the_grid_outer_circle,
          minmay_the_grid_broken_lines, minmay_the_grid_doors,
          minmay_the_grid_prize_diamond_cup], uniq_urug
D:11:     minmay_skewed_foursquare, layout_basic, enter_bailey_2,
          grunt_ministairs_13, tso_oasis_becter, uniq_josephine
D:12:     layout_roguey
D:13:     layout_rooms, david_vaults_2, chequers_serial_rivers_room_a,
          einodemon_crawler_minivault, uniq_erolcha
D:14:     layout_roguey, chequers_jeans, uniq_rupert
Lair:1:   layout_roguey
Lair:2:   layout_cave_shapes, spider_nest_entry_web_field,
          portal_ice_cave_entry_pillars_1, grunt_megastairs_5
Lair:3:   layout_long_grid, minmay_shoals_entry_centaurs,
          minmay_lair_oklob_chamber, grunt_megastairs_3
Lair:4:   layout_small_grid, gammafunk_ghost_abyssal_escape, uniq_sonja
Lair:5:   layout_cave_pods, dpeg_slime_entry_enclosed_altar,
          nicolae_lair_grove_arrangements, bh_autumn_forest_stairs,
          chequers_serial_rivers_micro_e, st_stairs_13, serial_bayou_shore_b
Lair:6:   gammafunk_lair_ancient_temple, layout_cave_pods, ebering_ghost_xom
Shoals:1: layout_shoals, serial_shops, nicolae_shop_stone, uniq_kirke
Shoals:2: layout_shoals, gammafunk_ghost_berserking_beasts, uniq_nikola
Spider:1: layout_chambers, spiders_nest_spider_trap
Spider:2: layout_spider_delve
Spider:3: layout_spider_delve, uniq_asterion
Spider:4: guppyfry_spider_rune, nicolae_arachne_temple
Orc:1:    layout_caves, serial_shops, shop, rock_pile
Orc:2:    st_orc_pillars, layout_diamond_mine, serial_shops, shop,
          guppyfry_orc_lava_fort

Skill      XL: |  1  2  3  4  5  6  7  8  9 10 11 12 13 14 15 16 17 |
---------------+----------------------------------------------------+-----
Long Blades    | 3 4 5 6 7 9 11 12 14 16 | 16.0
Fighting       | 3 4 5 7 9 11 13 15 16 17 18 19 | 19.4
Dodging        | 4 8 11 13 14 15 | 15.1
Stealth        | 4 5 7 |  7.0
Invocations    | 2 11 13 | 13.0
Shields        | 1 4 |  4.0
Armour         | 2 3 6 |  6.9
Throwing       | |  1.7

Action                   |  1- 3 |  4- 6 |  7- 9 | 10-12 | 13-15 | 16-18 || total
-------------------------+-------+-------+-------+-------+-------+-------++-------
Melee: Long sword        |    92 |   122 |    10 |       |       |       ||   224
       Short sword       |       |       |   160 |   508 |  1351 |       ||  2019
       Kick              |       |       |    23 |   100 |       |       ||   123
       Double sword      |       |       |       |       |   102 |   796 ||   898
Throw: Throwing net      |     3 |     2 |     1 |     6 |     1 |     1 ||    14
       Dart              |       |       |       |    30 |    21 |    47 ||    98
Invok: Shadow Step       |       |       |     1 |     4 |     4 |     4 ||    13
       Shadow Form       |       |       |       |       |     2 |     2 ||     4
Evoke: Wand              |       |       |       |     1 |     2 |       ||     3
       Tin of tremorston |       |       |       |     1 |       |       ||     1
       Condenser vane    |       |       |       |     1 |       |       ||     1
  Use: Scroll            |       |     7 |     9 |     4 |    11 |     3 ||    34
       Potion            |       |     1 |     1 |     1 |     9 |     4 ||    16
 Stab: Held in net/web   |     1 |       |       |     3 |       |     1 ||     5
       Sleeping          |       |       |     4 |     2 |    25 |    10 ||    41
       Distracted        |       |       |       |       |     7 |     9 ||    16
       Invisible         |       |       |       |       |       |    18 ||    18
Armor: Leather armour    |    14 |       |       |       |       |       ||    14
       Ring mail         |    27 |    38 |    28 |   217 |   285 |   336 ||   931
       Skin              |       |    44 |    14 |       |    21 |       ||    79
       Steam dragon scal |       |       |    19 |       |       |       ||    19
Dodge: Dodged            |    77 |    60 |    84 |   264 |   757 |   809 ||  2051
Block: Other             |       |       |       |       |    41 |       ||    41
       Buckler           |       |       |       |       |   410 |   549 ||   959
       Reflection        |       |       |       |       |    15 |    12 ||    27
       Rpst.: Long sword |    25 |    17 |     1 |       |       |       ||    43
       Double sword      |       |       |       |       |    16 |   125 ||   141

Table legend: (Time is in decaauts)
 A = Elapsed time spent in this place.
 B = Non-inter-level travel time spent in this place.
 C = Inter-level travel time spent in this place.
 D = Time resting spent in this place.
 E = Time spent auto-exploring this place.
 F = Levels seen in this place.
 G = Mean time per level.
                   A        B        C        D        E       F      G
               +--------+--------+--------+--------+--------+-----+--------+
         Total |  35410 |  33904 |   1506 |   7835 |  19077 |  30 | 1180.3 |
       Dungeon |  14463 |  13709 |    754 |   2798 |   8274 |  14 | 1033.1 |
          Lair |   7261 |   6843 |    418 |    721 |   4881 |   6 | 1210.2 |
        Shoals |   1353 |   1338 |     15 |    577 |     77 |   2 |  676.5 |
   Spider Nest |   7871 |   7688 |    183 |   1985 |   4387 |   4 | 1967.8 |
  Orcish Mines |   4018 |   3883 |    135 |   1608 |   1457 |   2 | 2009.0 |
        Bailey |    291 |    291 |      0 |    146 |      1 |   1 |  291.0 |
      Ice Cave |    152 |    152 |      0 |      0 |      0 |   1 |  152.0 |
               +--------+--------+--------+--------+--------+-----+--------+

Top non-repeatable levels by time:
   Orc:2: 2465 daAuts
Spider:1: 2355 daAuts
Spider:4: 2102 daAuts
  Lair:3: 1865 daAuts
Spider:3: 1865 daAuts
    D:10: 1736 daAuts
  Lair:6: 1697 daAuts
   Orc:1: 1553 daAuts
Spider:2: 1548 daAuts
    D:13: 1523 daAuts
    D:11: 1511 daAuts
    D:12: 1386 daAuts
     D:4: 1269 daAuts
  Lair:4: 1243 daAuts
     D:3: 1177 daAuts
